 Dungeon Crawl Stone Soup version 0.26.0-3-g156281e41b (webtiles) character file.

Game seed: 15303893891501672856

13 Descartes the Scratcher (level 2, -1/12 HPs)
             Began as a Felid Transmuter on Jan 9, 2021.
             Slain by a kobold (4 damage)
             ... on level 2 of the Dungeon.
             The game lasted 00:01:21 (626 turns).

Descartes the Scratcher (Felid Transmuter)           Turns: 626, Time: 00:01:21

Health: -1/12      AC:  1    Str:  6    XL:     2   Next: 24%
Magic:  6/6        EV: 18    Int: 14    God:
Gold:   60         SH:  0    Dex: 16    Spells: 4/5 levels left
                                        Lives:  0   Deaths: 0

rFire    . . .     SeeInvis +     - Unarmed
rCold    . . .     Faith    .   (shield unavailable)
rNeg     . . .     Spirit   .   (armour unavailable)
rPois    .         Reflect  .   (helmet unavailable)
rElec    .         Harm     .   (cloak unavailable)
rCorr    .         Rampage  .   (gloves unavailable)
Will     .....                  (boots unavailable)
Stlth    ++........             (no amulet)
HPRegen  0.04/turn              (no ring)
MPRegen  0.10/turn              (no ring)

@: quick
A: very small, no armour, no weapons or thrown items, stealth, claws 1, fangs 3,
see invisible, speed 1, shaggy fur 1, sharp paws
a: no special abilities


You were on level 2 of the Dungeon.
You visited 1 branch of the dungeon, and saw 2 of its levels.

You collected 60 gold pieces.

Inventory:

Missiles
 b - 59 stones
 e - 13 arrows
Scrolls
 a - 2 scrolls of identify {unknown}
 c - 3 scrolls of teleportation {unknown}
 f - a scroll of immolation {unknown}
 h - a scroll of amnesia {unknown}
Potions
 d - a potion of magic {unknown}
 g - a potion of curing {unknown}


   Skills:
 - Level 1.0 Fighting
 + Level 3.0 Dodging
 * Level 2.0 Stealth
 + Level 3.1 Unarmed Combat
 - Level 2.0 Spellcasting
 - Level 2.1 Transmutations


You had 4 spell levels left.
You knew the following spells:

 Your Spells              Type           Power        Failure   Level
a - Beastly Appendage     Tmut           14%          10%         1

Your spell library contained the following spells:

 Spells                   Type           Power        Failure   Level
 Wereblood                Tmut           7%           14%         2
 Spider Form              Tmut/Pois      2%           41%         3
 Ice Form                 Ice/Tmut       4%           83%         4
 Blade Hands              Tmut           3%           95%         5


Dungeon Overview and Level Annotations

Branches:
Dungeon (2/15)

Altars:


Innate Abilities, Weirdness & Mutations

You cannot wear armour.
You are incapable of wielding weapons or throwing items.
Your paws allow you to move quietly. (Stealth)
You have sharp claws.
You have razor-sharp teeth.
You have supernaturally acute eyesight. (SInv)
You cover ground quickly.
You are covered in fur. (AC +1)
Your sharp claws are effective at attacking unaware monsters.


Message History

You kill the hobgoblin!
The kobold hits you.
You scratch the kobold but do no damage.
You scratch the kobold.
The kobold is moderately wounded.
The kobold hits you. The kobold misses you.
You barely miss the kobold.
The kobold is moderately wounded.
The kobold closely misses you. x2
You scratch the kobold but do no damage.
The kobold is moderately wounded.
The kobold closely misses you. The kobold hits you.
The frilled lizard bites you.
You are too injured to fight recklessly!
You are too injured to fight recklessly!
You are too injured to fight recklessly!
The frilled lizard bites you.
* * * LOW HITPOINT WARNING * * *
The kobold hits you.
You die...

##. #######
#######....
......####..........
#.#......##.#.)......
#.#.#....@KKl..#
#.#....#.##.#........
#.#.##.#.##.#..#..##.
#.#.##.#.##.......#
#........#.......?..
##..######.##..#.####
#.## #. ...... #.# #.
....... #.#


You could see 2 kobolds and a frilled lizard.

Vanquished Creatures
  A leopard gecko (D:1)
  2 goblins (D:1)
  2 hobgoblins
  2 bats (D:1)
  3 kobolds (D:1)
  3 rats (D:1)
13 creatures vanquished.

Notes
Turn   | Place    | Note
-------+----------+-------------------------------------------
     0 | D:1      | Descartes the Felid Transmuter began the quest for the Orb.
     0 | D:1      | Reached XP level 1. HP: 9/9 MP: 4/4
   217 | D:1      | Reached skill level 1 in Stealth
   286 | D:1      | Reached XP level 2. HP: 7/12 MP: 6/6
   626 | D:2      | Slain by a kobold

Illustrated notes

Levels and vault maps discovered:
D:1:      amcnicky_arrival_single_pillar, layout_basic
D:2:      layout_loops_cross

Skill      XL: |  1  2 |
---------------+-------+-----
Stealth        | 1 2 |  2.0
Dodging        | 3 |  3.0
Fighting       | |  1.0
Unarmed Combat | |  3.1
Spellcasting   | |  2.0
Transmutations | |  2.1

Action                   || total
-------------------------++-------
Melee: Unarmed           ||    29
       Bite              ||     2
 Stab: Sleeping          ||     2
Dodge: Dodged            ||    17
